R+ - U24
IDAHO FALLS CHUKARS @ MOOSE JAW DIAMOND DOGS
06/20/2061
 
TOP OF THE 1ST
Delco Jawns batting - Pitching for Bluefield Blue Jays : RHP Jon Purser
Pitching: RHP Jon Purser
Batting: RHB Eduard Pasichnychenko 0-0: Ball
1-0: Fly out, F9 (Flyball, 89S, EV 81.9 MPH)
Batting: RHB Quenton Wilton 0-0: Called Strike
0-1: Ball
1-1: Called Strike
1-2: Ball
2-2: Foul Ball, location: 5F
2-2: Strikes out looking
Batting: RHB Yorbis Pérez 0-0: Ball
1-0: Ground out 4-3 (Groundball, 4, EV 83.1 MPH)
Top of the 1st over - 0 runs, 0 hits, 0 errors, 0 left on base; Delco 0 - Bluefield 0
BOTTOM OF THE 1ST
Bluefield Blue Jays batting - Pitching for Delco Jawns : LHP Shaun Jones
Pitching: LHP Shaun Jones
Batting: SHB Simon Gunn 0-0: Ball
1-0: Fly out, F7 (Flyball, 78M, EV 96.9 MPH)
Batting: LHB Bobby Bise 0-0: Swinging Strike
0-1: Swinging Strike
0-2: Foul Ball, location: 7LSF
0-2: Ball
1-2: Strikes out swinging
Batting: RHB Nick Kass 0-0: Called Strike
0-1: Ball
1-1: Fly out, F8 (Flyball, 8LM, EV 98.1 MPH)
Bottom of the 1st over - 0 runs, 0 hits, 0 errors, 0 left on base; Delco 0 - Bluefield 0
TOP OF THE 2ND
Delco Jawns batting - Pitching for Bluefield Blue Jays : RHP Jon Purser
Batting: RHB Zayn Monroe 0-0: SOLO HOME RUN (Flyball, 78XD, EV 110.0 MPH), Distance : 430 ft
Batting: RHB Robbie Baum 0-0: Ball
1-0: SINGLE (Line Drive, 4MD, EV 95.6 MPH)
Batting: LHB Jordan Barmer 0-0: Called Strike
0-1: Foul Ball, location: 2F
0-2: Ball
1-2: Ball
2-2: Ball
3-2: Foul Ball, location: 7LSF
3-2: Foul Ball, location: 7LDF
3-2: Strikes out swinging
Batting: LHB Jared Luke 0-0: Called Strike
0-1: Ball
1-1: Fielders Choice at 2nd, 4-6 (Groundball, 34D, EV 103.1 MPH)
Batting: RHB Luther Lemus 0-0: Foul Ball, location: 5FF
0-1: Foul Ball, location: 2F
0-2: Foul Ball, location: 25F
0-2: Foul Ball, location: 3F
0-2: Ball
1-2: Ball
2-2: Strikes out swinging
Top of the 2nd over - 1 run, 2 hits, 0 errors, 1 left on base; Delco 1 - Bluefield 0
BOTTOM OF THE 2ND
Bluefield Blue Jays batting - Pitching for Delco Jawns : LHP Shaun Jones
Batting: RHB Ralph Rice 0-0: Swinging Strike
0-1: DOUBLE (Line Drive, 5D, EV 95.0 MPH)
Batting: RHB McKenzie Kobe 0-0: Called Strike
0-1: Ball
1-1: Ball
2-1: Foul Ball, location: 3SF
2-2: Ground out 5-3 (Groundball, 56, EV 85.0 MPH)
Batting: RHB Benjamin Jordin 0-0: Ball
1-0: Foul Ball, location: 3F
1-1: Ball
2-1: Called Strike
2-2: Fly out, F8 (Flyball, 8RM, EV 88.8 MPH)
Batting: LHB Robert Donovan 0-0: Called Strike
0-1: Called Strike
0-2: Ball
1-2: Ground out 5-3 (Groundball, 56, EV 82.5 MPH)
Bottom of the 2nd over - 0 runs, 1 hit, 0 errors, 1 left on base; Delco 1 - Bluefield 0
TOP OF THE 3RD
Delco Jawns batting - Pitching for Bluefield Blue Jays : RHP Jon Purser
Batting: RHB Dewey Morelock 0-0: Ball
1-0: Called Strike
1-1: Foul Ball, location: 2F
1-2: Ball
2-2: Foul Ball, location: 5FF
2-2: Ball
3-2: Strikes out swinging
Batting: RHB Eduard Pasichnychenko 0-0: Called Strike
0-1: Ball
1-1: Foul Ball, location: 5SF
1-2: Ball
2-2: Ball
3-2: Strikes out swinging
Batting: RHB Quenton Wilton 0-0: Ball
1-0: Called Strike
1-1: Foul Ball, location: 23FF
1-2: Strikes out looking
Top of the 3rd over - 0 runs, 0 hits, 0 errors, 0 left on base; Delco 1 - Bluefield 0
BOTTOM OF THE 3RD
Bluefield Blue Jays batting - Pitching for Delco Jawns : LHP Shaun Jones
Batting: RHB Timothy Simon 0-0: Ball
1-0: Ground out 4-3 (Groundball, 4, EV 76.9 MPH)
Batting: RHB Ronny Hunt 0-0: Called Strike
0-1: Swinging Strike
0-2: Ball
1-2: Ball
2-2: Ball
3-2: Base on Balls
Batting: SHB Simon Gunn 0-0: SINGLE (Line Drive, 89M, EV 98.8 MPH)
Ronny Hunt to second
Batting: LHB Bobby Bise 0-0: Fly out, F7 (Flyball, 7LS, EV 91.3 MPH)
Batting: RHB Nick Kass 0-0: Foul Ball, location: 5F
0-1: Ball
1-1: Ball
Wild Pitch!
Ronny Hunt to third
Simon Gunn to second
2-1: Swinging Strike
2-2: Strikes out swinging
Bottom of the 3rd over - 0 runs, 1 hit, 0 errors, 2 left on base; Delco 1 - Bluefield 0
TOP OF THE 4TH
Delco Jawns batting - Pitching for Bluefield Blue Jays : RHP Jon Purser
Batting: RHB Yorbis Pérez 0-0: Ball
1-0: Ball
2-0: Fly out, F2 (Popup, 15S, EV 87.5 MPH)
Batting: RHB Zayn Monroe 0-0: Called Strike
0-1: Called Strike
0-2: Foul Ball, location: 2LF
0-2: Foul Ball, location: 3FF
0-2: Fly out, F4 (Popup, 34S, EV 75.6 MPH)
Batting: RHB Robbie Baum 0-0: Ball
1-0: Called Strike
1-1: Ball
2-1: Foul Ball, location: 9LDF
2-2: Strikes out swinging
Top of the 4th over - 0 runs, 0 hits, 0 errors, 0 left on base; Delco 1 - Bluefield 0
BOTTOM OF THE 4TH
Bluefield Blue Jays batting - Pitching for Delco Jawns : LHP Shaun Jones
Batting: RHB Ralph Rice 0-0: Ball
1-0: Ball
2-0: Ball
3-0: Base on Balls
Batting: RHB McKenzie Kobe 0-0: Grounds into double play, 6-4-3 (Groundball, 56D, EV 94.4 MPH)
Batting: RHB Benjamin Jordin 0-0: Ball
1-0: Called Strike
1-1: Fly out, F6 (Popup, 6, EV 76.9 MPH)
Bottom of the 4th over - 0 runs, 0 hits, 0 errors, 0 left on base; Delco 1 - Bluefield 0
TOP OF THE 5TH
Delco Jawns batting - Pitching for Bluefield Blue Jays : RHP Jon Purser
Batting: LHB Jordan Barmer 0-0: Ball
1-0: Called Strike
1-1: Swinging Strike
1-2: Foul Ball, location: 7LDF
1-2: Strikes out swinging
Batting: LHB Jared Luke 0-0: Ball
1-0: SINGLE (Groundball, 34D, EV 96.3 MPH)
Batting: RHB Luther Lemus 0-0: Hit by Pitch
Jared Luke to second
Batting: RHB Dewey Morelock 0-0: Foul Ball, location: 2F
0-1: Foul Ball, location: 2LF
0-2: Strikes out looking
Batting: RHB Eduard Pasichnychenko 0-0: Ball
1-0: Fielders Choice at 2nd, 5-4 (Groundball, 56, EV 85.6 MPH)
Top of the 5th over - 0 runs, 1 hit, 0 errors, 2 left on base; Delco 1 - Bluefield 0
BOTTOM OF THE 5TH
Bluefield Blue Jays batting - Pitching for Delco Jawns : LHP Shaun Jones
Batting: LHB Robert Donovan 0-0: Called Strike
0-1: Ball
1-1: Ball
2-1: Called Strike
2-2: Strikes out looking
Batting: RHB Timothy Simon 0-0: Ball
1-0: Ball
2-0: Ball
3-0: Called Strike
3-1: Ground out 4-3 (Groundball, 4, EV 82.5 MPH)
Batting: RHB Ronny Hunt 0-0: Ball
1-0: Ball
2-0: SINGLE (Flyball, 8RS, EV 93.8 MPH)
Batting: SHB Simon Gunn 0-0: Ball
1-0: Foul Ball, location: 23FF
1-1: Ground out 2-3 (Groundball, 15S, EV 71.3 MPH)
Bottom of the 5th over - 0 runs, 1 hit, 0 errors, 1 left on base; Delco 1 - Bluefield 0
TOP OF THE 6TH
Delco Jawns batting - Pitching for Bluefield Blue Jays : RHP Jon Purser
Batting: RHB Quenton Wilton 0-0: Ball
1-0: Ball
2-0: Fly out, F9 (Flyball, 9D, EV 110.0 MPH)
Batting: RHB Yorbis Pérez 0-0: Called Strike
0-1: Foul Ball, location: 23F
0-2: Ball
1-2: Foul Ball, location: 2F
1-2: Ball
2-2: Fly out, F8 (Flyball, 8LXD, EV 110.0 MPH)
Batting: RHB Zayn Monroe 0-0: Swinging Strike
0-1: SINGLE (Groundball, 4MD, EV 105.0 MPH)
Batting: RHB Robbie Baum 0-0: Ball
1-0: Called Strike
1-1: Ball
2-1: Foul Ball, location: 5DF
2-2: Ball
3-2: Strikes out swinging
Top of the 6th over - 0 runs, 1 hit, 0 errors, 1 left on base; Delco 1 - Bluefield 0
BOTTOM OF THE 6TH
Bluefield Blue Jays batting - Pitching for Delco Jawns : LHP Shaun Jones
Batting: LHB Bobby Bise 0-0: Fly out, F8 (Flyball, 8LD, EV 108.1 MPH)
Batting: RHB Nick Kass 0-0: Swinging Strike
0-1: Foul Ball, location: 25F
0-2: Ball
1-2: SINGLE (Groundball, 34D, EV 101.9 MPH)
Batting: RHB Ralph Rice 0-0: Swinging Strike
0-1: Foul Ball, location: 7LSF
0-2: Ball
1-2: Ball
2-2: Strikes out swinging
Pinch Hitting: RHB B.J. Albers 0-0: Foul Ball, location: 5FF
0-1: Ball
1-1: Ball
2-1: Swinging Strike
2-2: Strikes out swinging
Bottom of the 6th over - 0 runs, 1 hit, 0 errors, 1 left on base; Delco 1 - Bluefield 0
TOP OF THE 7TH
Delco Jawns batting - Pitching for Bluefield Blue Jays : RHP Jon Purser
Now at 3B: Severo Miyares
Batting: LHB Jordan Barmer 0-0: Swinging Strike
0-1: Foul Ball, location: 23FF
0-2: Ball
1-2: Strikes out looking
Batting: LHB Jared Luke 0-0: Called Strike
0-1: Ground out 1-3 (Groundball, 13, EV 61.3 MPH)
Batting: RHB Luther Lemus 0-0: Called Strike
0-1: Called Strike
0-2: Fly out, F9 (Line Drive, 9LM, EV 103.8 MPH)
Top of the 7th over - 0 runs, 0 hits, 0 errors, 0 left on base; Delco 1 - Bluefield 0
BOTTOM OF THE 7TH
Bluefield Blue Jays batting - Pitching for Delco Jawns : LHP Shaun Jones
Batting: RHB Benjamin Jordin 0-0: Ball
1-0: Swinging Strike
1-1: Foul Ball, location: 25F
1-2: Strikes out swinging
Pinch Hitting: LHB Bob Henry 0-0: Ball
1-0: Ground out 6-3 (Groundball, 6S, EV 81.9 MPH)
Batting: LHB Vitorio Partida 0-0: Foul Ball, location: 2F
0-1: Ball
1-1: Ground out U3 (Groundball, 3, EV 87.5 MPH)
Bottom of the 7th over - 0 runs, 0 hits, 0 errors, 0 left on base; Delco 1 - Bluefield 0
TOP OF THE 8TH
Delco Jawns batting - Pitching for Bluefield Blue Jays : RHP Jon Purser
Pitching: LHP Boson Stenback
Now in RF: Bob Henry
Batting: RHB Dewey Morelock 0-0: Ground out 5-3 (Groundball, 56S, EV 87.5 MPH)
Batting: RHB Eduard Pasichnychenko 0-0: Called Strike
0-1: Ball
1-1: Fly out, F9 (Flyball, 89M, EV 86.9 MPH)
Batting: RHB Quenton Wilton 0-0: Ball
1-0: Foul Ball, location: 2F
1-1: Foul Ball, location: 2F
1-2: Ball
2-2: Foul Ball, location: 2F
2-2: Foul Ball, location: 7LMF
2-2: Ball
3-2: Foul Ball, location: 9LMF
3-2: Base on Balls
Batting: RHB Yorbis Pérez 0-0: Called Strike
Quenton Wilton is caught stealing 2nd base 2-4
Top of the 8th over - 0 runs, 0 hits, 0 errors, 0 left on base; Delco 1 - Bluefield 0
BOTTOM OF THE 8TH
Bluefield Blue Jays batting - Pitching for Delco Jawns : LHP Shaun Jones
Batting: RHB Ronny Hunt 0-0: Ball
1-0: Ball
2-0: Foul Ball, location: 2F
2-1: Ball
3-1: Foul Ball, location: 9LDF
3-2: Base on Balls
Pitching: RHP R.J. Colston
Batting: SHB Simon Gunn 0-0: Bunted foul
0-1: Foul Ball, location: 2LF
0-2: Ball
1-2: Ground out 6-3 (Groundball, 6, EV 76.3 MPH)
Ronny Hunt to second
Pinch Hitting: LHB Stu Mier 0-0: Called Strike
0-1: Swinging Strike
0-2: Strikes out swinging
Batting: RHB Nick Kass 0-0: Swinging Strike
0-1: Foul Ball, location: 9LSFF
0-2: Ball
1-2: Ball
2-2: Strikes out swinging
Bottom of the 8th over - 0 runs, 0 hits, 0 errors, 1 left on base; Delco 1 - Bluefield 0
TOP OF THE 9TH
Delco Jawns batting - Pitching for Bluefield Blue Jays : LHP Boson Stenback
Pitching: RHP Ashton Rial
Now in LF: Stu Mier
Batting: RHB Yorbis Pérez 0-0: Called Strike
0-1: Ground out U3 (Groundball, 34, EV 78.1 MPH)
Batting: LHB Mark Mejia 0-0: Ball
1-0: Ball
2-0: Called Strike
2-1: Foul Ball, location: 3F
2-2: Ball
3-2: Base on Balls
Pinch Hitting: RHB Noah Bolander 0-0: Ball
1-0: Called Strike
1-1: Swinging Strike
1-2: SINGLE (Line Drive, 6M, EV 101.3 MPH)
Mark Mejia to second
Pinch Runner at 2nd James Shafer:
Batting: LHB Jordan Barmer 0-0: Ball
1-0: Foul Ball, location: 2F
1-1: Fly out, F8 (Flyball, 89D, EV 86.9 MPH)
Batting: LHB Jared Luke 0-0: Ball
1-0: Ground out 4-3 (Groundball, 4, EV 81.3 MPH)
Top of the 9th over - 0 runs, 1 hit, 0 errors, 2 left on base; Delco 1 - Bluefield 0
BOTTOM OF THE 9TH
Bluefield Blue Jays batting - Pitching for Delco Jawns : RHP R.J. Colston
Now at 1B: Ricky Teal
Pinch Hitting: SHB Brandon White 0-0: Swinging Strike
0-1: Ball
1-1: Foul Ball, location: 25F
1-2: Foul Ball, location: 25F
1-2: Ball
2-2: Ball
3-2: Foul Ball, location: 5DF
3-2: Base on Balls
Batting: LHB Severo Miyares 0-0: Foul Ball, location: 2F
0-1: Ball
1-1: Called Strike
1-2: Strikes out swinging
Pinch Hitting: LHB Nathan Hagan 0-0: Ball
1-0: Ball
2-0: Called Strike
2-1: Foul Ball, location: 7LDF
2-2: Strikes out looking
Batting: LHB Bob Henry 0-0: Ball
1-0: Foul Ball, location: 7LDF
1-1: Ball
2-1: Ball
3-1: Base on Balls
Brandon White to second
Batting: RHB Arthur Yazzie 0-0: Ball
1-0: SINGLE (Line Drive, 56D, EV 106.3 MPH)
Brandon White to third
Bob Henry to second
Runner from 3rd tries for Home, SAFE, throw by LF to home
Batting: RHB Ronny Hunt 0-0: Called Strike
0-1: Fly out, F8 (Flyball, 8LM, EV 94.4 MPH)
Bottom of the 9th over - 1 run, 1 hit, 0 errors, 2 left on base; Delco 1 - Bluefield 1
TOP OF THE 10TH
Delco Jawns batting - Pitching for Bluefield Blue Jays : RHP Ashton Rial
Now at C: L.J. Gassman
Now at 2B: Nathan Hagan
Pinch Hitting: RHB Riccardo Greene 0-0: Called Strike
0-1: Ball
1-1: Foul Ball, location: 9LDF
1-2: Ball
2-2: Strikes out swinging
Pinch Hitting: RHB Malcolm Sellari 0-0: Called Strike
0-1: Ball
1-1: Ball
2-1: Called Strike
2-2: Fly out, F7 (Line Drive, 7, EV 96.3 MPH)
Batting: RHB Eduard Pasichnychenko 0-0: Fly out, F8 (Flyball, 89XD, EV 93.8 MPH)
Top of the 10th over - 0 runs, 0 hits, 0 errors, 0 left on base; Delco 1 - Bluefield 1
BOTTOM OF THE 10TH
Bluefield Blue Jays batting - Pitching for Delco Jawns : RHP R.J. Colston
Now at C: Malcolm Sellari
Now in RF: Pete Miller
Batting: SHB Simon Gunn 0-0: Ball
1-0: Ball
2-0: Fly out, F9 (Flyball, 89M, EV 92.5 MPH)
Batting: LHB Stu Mier 0-0: Fly out, F8 (Flyball, 8LM, EV 95.6 MPH)
Batting: RHB Nick Kass 0-0: Called Strike
0-1: Foul Ball, location: 3SF
0-2: Ball
1-2: Foul Ball, location: 9LMF
1-2: Foul Ball, location: 2F
1-2: SINGLE (Groundball, 6MD, EV 97.5 MPH)
Pinch Hitting: RHB Ryker Mayer 0-0: Called Strike
0-1: Foul Ball, location: 25F
0-2: Ball
1-2: Foul Ball, location: 5F
1-2: Strikes out swinging
Bottom of the 10th over - 0 runs, 1 hit, 0 errors, 1 left on base; Delco 1 - Bluefield 1
TOP OF THE 11TH
Delco Jawns batting - Pitching for Bluefield Blue Jays : RHP Ashton Rial
Now at C: Brody Ramos
Batting: RHB Quenton Wilton 0-0: Called Strike
0-1: Called Strike
0-2: Fly out, F8 (Flyball, 8LXD, EV 101.3 MPH)
Batting: RHB Yorbis Pérez 0-0: Ball
1-0: Called Strike
1-1: Ball
2-1: Swinging Strike
2-2: Strikes out looking
Batting: SHB James Shafer 0-0: Ground out 4-3 (Groundball, 4, EV 76.3 MPH)
Top of the 11th over - 0 runs, 0 hits, 0 errors, 0 left on base; Delco 1 - Bluefield 1
BOTTOM OF THE 11TH
Bluefield Blue Jays batting - Pitching for Delco Jawns : RHP R.J. Colston
Pitching: LHP Jensen Spagna
Batting: LHB Severo Miyares 0-0: Called Strike
0-1: Foul Ball, location: 7LMF
0-2: Strikes out swinging
Batting: LHB Nathan Hagan 0-0: Foul Ball, location: 2F
0-1: Swinging Strike
0-2: Strikes out swinging
Batting: LHB Bob Henry 0-0: Fly out, F7 (Flyball, 7LM, EV 102.5 MPH)
Bottom of the 11th over - 0 runs, 0 hits, 0 errors, 0 left on base; Delco 1 - Bluefield 1
TOP OF THE 12TH
Delco Jawns batting - Pitching for Bluefield Blue Jays : RHP Ashton Rial
Batting: RHB Ricky Teal 0-0: Ball
1-0: Ball
2-0: Called Strike
2-1: Foul Ball, location: 9LDF
2-2: Ball
3-2: Strikes out swinging
Batting: LHB Jordan Barmer 0-0: Ball
1-0: Swinging Strike
1-1: Swinging Strike
1-2: Foul Ball, location: 2F
1-2: Ball
2-2: Ball
3-2: Strikes out swinging
Batting: LHB Jared Luke 0-0: Ball
1-0: Foul Ball, location: 2F
1-1: Ball
2-1: Foul Ball, location: 7LDF
2-2: Strikes out looking
Top of the 12th over - 0 runs, 0 hits, 0 errors, 0 left on base; Delco 1 - Bluefield 1
BOTTOM OF THE 12TH
Bluefield Blue Jays batting - Pitching for Delco Jawns : LHP Jensen Spagna
Pitching: RHP Tomas Rodríguez
Batting: RHB Arthur Yazzie 0-0: Ball
1-0: Foul Ball, location: 2F
1-1: Reached on error, E5 (Groundball, 56S, EV 86.3 MPH)
Batting: RHB Ronny Hunt 0-0: Ball
1-0: Ball
2-0: Called Strike
Arthur Yazzie is caught stealing 2nd base 2-4
2-1: Reached on error, E6 (Groundball, 6S, EV 66.9 MPH)
Batting: SHB Simon Gunn 0-0: Swinging Strike
0-1: Ball
1-1: Bunted foul
1-2: SINGLE (Flyball, 89S, EV 90.6 MPH)
Ronny Hunt to second
Batting: LHB Stu Mier 0-0: Ball
1-0: Ball
2-0: Foul Ball, location: 7LMF
2-1: Fly out, F9 (Flyball, 89M, EV 81.3 MPH)
Runner from 2nd tags up, SAFE at 3rd with throw by RF
Batting: RHB Nick Kass 0-0: Ground out 4-3 (Groundball, 34S, EV 90.6 MPH)
Bottom of the 12th over - 0 runs, 1 hit, 2 errors, 2 left on base; Delco 1 - Bluefield 1
TOP OF THE 13TH
Delco Jawns batting - Pitching for Bluefield Blue Jays : RHP Ashton Rial
Pitching: RHP Gabriel Weber
Batting: RHB Pete Miller 0-0: Fly out, F8 (Flyball, 89M, EV 81.9 MPH)
Batting: RHB Malcolm Sellari 0-0: Ball
1-0: Ball
2-0: Ball
3-0: Called Strike
3-1: Base on Balls
Batting: RHB Eduard Pasichnychenko 0-0: Ball
1-0: Fly out, F8 (Flyball, 78M, EV 92.5 MPH)
Batting: RHB Quenton Wilton 0-0: Called Strike
0-1: Ball
1-1: Called Strike
1-2: Ball
2-2: TRIPLE (Line Drive, 78XD, EV 106.3 MPH)
Malcolm Sellari scores
Batting: RHB Yorbis Pérez 0-0: Ball
1-0: SINGLE (Line Drive, 89S, EV 104.4 MPH)
Quenton Wilton scores
Batting: SHB James Shafer 0-0: Ball
1-0: Called Strike
1-1: SINGLE (Line Drive, 89S, EV 101.3 MPH)
Yorbis Pérez to second
Batting: RHB Ricky Teal 0-0: Ball
1-0: Foul Ball, location: 9LSF
1-1: Fly out, F9 (Flyball, 89S, EV 88.8 MPH)
Top of the 13th over - 2 runs, 3 hits, 0 errors, 2 left on base; Delco 3 - Bluefield 1
BOTTOM OF THE 13TH
Bluefield Blue Jays batting - Pitching for Delco Jawns : RHP Tomas Rodríguez
Batting: SHB Brody Ramos 0-0: Ball
1-0: Foul Ball, location: 25FF
1-1: Ball
2-1: Ball
3-1: Base on Balls
Batting: LHB Severo Miyares 0-0: Ball
1-0: Called Strike
1-1: Called Strike
1-2: Strikes out looking
Batting: LHB Nathan Hagan 0-0: Called Strike
0-1: Ball
1-1: Fly out, F9 (Flyball, 9, EV 91.9 MPH)
Batting: LHB Bob Henry 0-0: Swinging Strike
0-1: Called Strike
0-2: Strikes out looking
Bottom of the 13th over - 0 runs, 0 hits, 0 errors, 1 left on base; Delco 3 - Bluefield 1
Thursday, March 20th , 2025 - OOTP Baseball 25.11 Build 104